 Dungeon Crawl Stone Soup version 0.32-a0-42-ga30500b4d3 (webtiles) character file.

Game seed: 16276448102176013262

48 cowhearter the Slasher (level 3, -1/27 HPs)
             Began as a Demonspawn Gladiator on Jan 31, 2024.
             Slain by a goblin
             ... wielding a +1 dagger of electrocution
             ... led by Robin
              (20 damage)
             ... on level 2 of the Dungeon.
             The game lasted 00:01:43 (1063 turns).

cowhearter the Slasher (Demonspawn Gladiator)       Turns: 1063, Time: 00:01:45

Health: -1/27      AC:  6    Str: 16    XL:     3   Next: 50%
Magic:  3/3        EV: 12    Int:  8    God:
Gold:   68         SH:  4    Dex: 14    Spells: 2/2 levels left

rFire   . . .        a - +0 long sword
rCold   . . .        (no shield)
rNeg    . . .        b - +0 leather armour
rPois   .            c - +0 helmet
rElec   .            (no cloak)
rCorr   .            (no gloves)
SInv    .            (no boots)
Will    .....        (no amulet)
Stlth   +            (no ring)
HPRegen 0.24/turn    (no ring)
MPRegen 0.08/turn

%: no passive effects
@: no status effects
A: yellow scales 1, condensation shield
a: no special abilities


You were on level 2 of the Dungeon.
You visited 1 branch of the dungeon, and saw 2 of its levels.

You collected 68 gold pieces.

Inventory:

Hand Weapons
 a - a +0 long sword (weapon)
Missiles
 d - 3 throwing nets (quivered)
 e - a javelin
Armour
 b - a +0 leather armour (worn)
 c - a +0 helmet (worn)
Talismans
 h - a flux talisman
Scrolls
 f - a scroll of blinking {unknown}
 g - a scroll of teleportation {unknown}
 k - a scroll of identify {unknown}
 l - a scroll of amnesia {unknown}
Potions
 i - a potion of mutation {unknown}
 j - a potion of heal wounds {unknown}


   Skills:
 - Level 2.0 Fighting
 + Level 4.1 Long Blades
 - Level 1.7 Throwing
 - Level 2.6 Dodging


You had 2 spell levels left.
You didn't know any spells.
Your spell library was empty.

Dungeon Overview and Level Annotations

Branches:
Dungeon (2/15)

Altars:

Annotations:
D:2 Robin


Innate Abilities, Weirdness & Mutations

You are partially covered in yellow scales. (AC +2)
A meltable shield of frost defends you. (SH +4)


Message History

The hobgoblin shouts!
You hear a shout! x6
Robin and a goblin come into view.
Robin is wielding a +6 heavy spear.
Robin shouts!
The goblin shouts!
You hear a shout!
You hear an angry hiss.
A goblin comes into view. It is wielding a +0 dagger.
Robin throws the goblin at you! The goblin misses you.
A goblin comes into view.
It is wielding a +1 dagger of electrocution.
You slash the goblin!
You kill the goblin!
Robin throws the goblin at you!
A goblin comes into view. It is wielding a +0 club.
You barely miss the goblin. You block the goblin's attack.
You hit the goblin.
You kill the goblin!
A hobgoblin comes into view.
The goblin hits you but does no damage.
The hobgoblin hits you but does no damage.
You barely miss the goblin. The goblin barely misses you.
Robin throws the goblin at you! You block the goblin's attack.
The hobgoblin hits you but does no damage.
The goblin hits you but does no damage.
You closely miss the goblin. The goblin closely misses you.
Robin roars a battlecry!
The goblins go into a battle-frenzy!
You block the goblin's attack. The hobgoblin hits you.
The goblin hits you with a +0 club.
You barely miss the goblin. The goblin hits you with a +0 dagger.
You block the goblin's attack. The hobgoblin barely misses you.
The goblin closely misses you. The goblin hits you but does no damage.
The goblin misses you. The goblin hits you but does no damage.
A goblin comes into view. It is wielding a +0 club.
The hobgoblin hits you but does no damage.
The goblin hits you but does no damage. The goblin hits you with a +0 club.
The hobgoblin shouts!
The goblin shouts!
You hit the goblin.
The goblin is heavily wounded.
The goblin closely misses you.
The goblin hits you with a +1 dagger of electrocution.
You are electrocuted!!
Ouch! That really hurt!
You die...

#...# .. #...## .# .g
.. ##...# .# #. .#
####.# #.###. #.# .
#.######.# .g##.#######
. #.....##.#
#g.......... .
#####....# #.........?.
###..# #ggg........
#######..# #)@g........
.........#.#.g.........
#######.>..#...........
#########'#######
#######.# #.......#
#.####### ######## #.#
.......# #.#


You could see Robin, 2 hobgoblins and 5 goblins.

Vanquished Creatures
  An adder (D:2)
  2 ribbon worms (D:2)
  3 endoplasms
  7 goblins
  6 jackals (D:1)
  2 kobolds
  2 quokkas
  2 ball pythons
  2 bats (D:2)
  A frilled lizard (D:1)
  2 rats (D:1)
  A spectral goblin (D:1)
31 creatures vanquished.

Notes
Turn   | Place    | Note
-------+----------+-------------------------------------------
     0 | D:1      | cowhearter the Demonspawn Gladiator began the quest for the
                  | Orb.
     0 | D:1      | Reached XP level 1. HP: 16/16 MP: 1/1
    47 | D:1      | Reached skill level 3 in Long Blades
   136 | D:1      | Gained mutation: You are partially covered in yellow
                  | scales. (AC +2) [demonic ancestry]
   136 | D:1      | Reached XP level 2. HP: 8/22 MP: 2/2
   442 | D:1      | You fall into a shaft and drop 1 floor!
   506 | D:2      | Gained mutation: A meltable shield of frost defends you.
                  | (SH +4) [demonic ancestry]
   506 | D:2      | Reached XP level 3. HP: 25/27 MP: 3/3
   576 | D:2      | Reached skill level 4 in Long Blades
   804 | D:1      | Found a faded altar of an unknown god.
  1056 | D:2      | Noticed Robin
  1063 | D:2      | Slain by a goblin

Illustrated notes

Levels and vault maps discovered:
D:1:      roderic_octagonal_star, layout_loops_cross,
          dreamdust_ecumenical_altar_drowned_temple
D:2:      layout_basic, serial_shops, nicolae_shop_crystal, serial_aquarium,
          aquarium_bridge_square [aquarium_subvault_wall,
          aquarium_subvault_bridge, aquarium_subvault_wall,
          aquarium_subvault_wall], aquarium_bridge_straight
          [aquarium_subvault_bridge, aquarium_subvault_window,
          aquarium_subvault_bridge, aquarium_subvault_window],
          aquarium_window_3, aquarium_window_fake, aquarium_window_1,
          aquarium_view_2e, uniq_robin

Skill      XL: |  1  2  3 |
---------------+----------+-----
Long Blades    | 3 4 |  4.1
Fighting       | |  2.0
Throwing       | |  1.7
Dodging        | |  2.6

Action                     || total
---------------------------++-------
  Melee: Long sword        ||    86
         Punch             ||     1
   Stab: Sleeping          ||     1
 Armour: Leather armour    ||    64
  Dodge: Dodged            ||    67
  Block: Other             ||     5

Table legend: (Time is in decaauts)
 A = Elapsed time spent in this place.
 B = Non-inter-level travel time spent in this place.
 C = Inter-level travel time spent in this place.
 D = Time resting spent in this place.
 E = Time spent auto-exploring this place.
 F = Levels seen in this place.
 G = Mean time per level.
                   A        B        C        D        E       F      G
               +--------+--------+--------+--------+--------+-----+--------+
         Total |   1090 |   1077 |     13 |     26 |    835 |   2 |  545.0 |
       Dungeon |   1090 |   1077 |     13 |     26 |    835 |   2 |  545.0 |
               +--------+--------+--------+--------+--------+-----+--------+

Top non-repeatable levels by time:
     D:1: 803 daAuts
     D:2: 287 daAuts
